 Dungeon Crawl Stone Soup version 0.27.1-34-g3ba077fa99 (webtiles) character file.

Game seed: 10787681014260824507

65 pkoi the Insei (level 3, -1/31 HPs)
             Began as a Draconian Monk on Jan 6, 2022.
             Slain by a gnoll (5 damage)
             ... on level 3 of the Dungeon.
             The game lasted 00:01:09 (1976 turns).

pkoi the Insei (Draconian Monk)                     Turns: 1976, Time: 00:01:09

Health: -1/31      AC:  5    Str: 13    XL:     3   Next: 92%
Magic:  3/3        EV: 12    Int: 11    God:
Gold:   84         SH:  0    Dex: 13    Spells: 2/2 levels left

rFire    . . .     SeeInvis .     - Unarmed
rCold    . . .     Faith    .   (no shield)
rNeg     . . .     Spirit   .   (armour unavailable)
rPois    .         Reflect  .   (helmet restricted)
rElec    .         Harm     .   (no cloak)
rCorr    .         Rampage  .   (no gloves)
Will     .....                  (no boots)
Stlth    ++........             (no amulet)
HPRegen  0.10/turn              (no ring)
MPRegen  0.08/turn              (no ring)

@: no status effects
A: AC +5, unfitting armour, cold-blooded
a: no special abilities


You were on level 3 of the Dungeon.
You visited 1 branch of the dungeon, and saw 3 of its levels.

You collected 84 gold pieces.

Inventory:

Missiles
 c - a throwing net (quivered)
Scrolls
 a - 2 scrolls of magic mapping {unknown}
 b - a scroll of identify {unknown}
 d - a scroll of noise {unknown}
 h - a scroll of blinking {unknown}
 i - a scroll of teleportation {unknown}
Potions
 e - a potion of attraction {unknown}
 f - a potion of haste {unknown}
 g - a potion of magic {unknown}
 j - a potion of mutation {unknown}
 k - a potion of curing {unknown}
 l - a potion of might {unknown}


   Skills:
 - Level 3.2 Fighting
 - Level 2.6 Dodging
 - Level 1.7 Stealth
 + Level 4.9 Unarmed Combat


You had 2 spell levels left.
You didn't know any spells.
Your spell library contained the following spells:

 Spells                   Type           Power      Damage    Failure   Level
 Animate Dead             Necr           0%         N/A       98%         4
 Blade Hands              Tmut           0%         N/A       100%        5
 Iron Shot                Conj/Erth      0%         9d1       100%        6
 Haunt                    Necr/Summ      0%         N/A       100%        7
 Infestation              Necr           0%         N/A       100%        8
 Animate Armour           Summ/Erth      Unusable   N/A       N/A         4

Dungeon Overview and Level Annotations

Branches:
Dungeon (3/15)

Altars:


Innate Abilities, Weirdness & Mutations

Your plain brown scales are hard. (AC +5)
You cannot fit into any form of body armour.
You are cold-blooded and may be slowed by cold attacks.


Message History

You punch the gnoll!
The gnoll is almost dead.
The gnoll closely misses you.
You hit the gnoll.
You kill the gnoll!
Things that are here:
a +0 club; a gnoll corpse
Things that are here:
a +0 club; a gnoll corpse
There is a stone staircase leading down, spattered with blood here.
You start resting.
HP restored.
You climb downwards.
The gnoll hits you with a +0 club.
There is a stone staircase leading up here.
You punch the gnoll!
The gnoll is heavily wounded.
The gnoll closely misses you.
You hit the gnoll.
You kill the gnoll!
The gnoll hits you from afar with a +0 spear.
Things that are here:
a +0 club; a gnoll corpse The gnoll hits you with a +0 spear!
* * * LOW HITPOINT WARNING * * *
There is a stone staircase leading up here.
You closely miss the gnoll. You tail-slap the gnoll.
The gnoll is lightly wounded.
The gnoll hits you with a +0 spear.
* * * LOW HITPOINT WARNING * * *
You hit the gnoll. You tail-slap the gnoll.
The gnoll is severely wounded.
The gnoll hits you with a +0 spear!
* * * LOW HITPOINT WARNING * * *
You hit the gnoll. You tail-slap the gnoll.
The gnoll is almost dead.
The gnoll hits you but does no damage.
You closely miss the gnoll.
The gnoll is almost dead.
The gnoll hits you with a +0 spear.
You die...

###.########
...........#####
#)@g.....#
#.##.###.# #.#
.. #.# ## #.#
#.. ###


You could see a gnoll.

Vanquished Creatures
  2 gnolls
  3 worms (D:2)
  A dart slug (D:1)
  An orc (D:2)
  A ball python (D:2)
  4 bats
  6 endoplasms
  A giant cockroach (D:2)
  4 hobgoblins
  3 quokkas
  2 goblins
  2 kobolds (D:1)
  3 rats
33 creatures vanquished.

Notes
Turn   | Place    | Note
-------+----------+-------------------------------------------
     0 | D:1      | pkoi the Draconian Monk began the quest for the Orb.
     0 | D:1      | Reached XP level 1. HP: 19/19 MP: 1/1
    10 | D:1      | You fall into a shaft and drop 1 floor!
   156 | D:1      | Reached XP level 2. HP: 26/26 MP: 2/2
   572 | D:1      | Found a faded altar of an unknown god.
   720 | D:2      | Reached skill level 4 in Unarmed Combat
  1057 | D:2      | Reached XP level 3. HP: 7/31 MP: 3/3
  1976 | D:3      | Slain by a gnoll

Illustrated notes

Levels and vault maps discovered:
D:1:      matt_arrival_los_fun, layout_basic, ebering_ecumenical_altar_ruins,
          hex_medium
D:2:      layout_rooms
D:3:      layout_loops_corners, st_stairs_3, grunt_decor_junction, minivault_24,
          lemuel_flame_loot_1, uniq_robin, uniq_crazy_yiuf_cottage, uniq_grinder

Skill      XL: |  1  2 |
---------------+-------+-----
Unarmed Combat | 4 |  4.9
Fighting       | |  3.2
Dodging        | |  2.6
Stealth        | |  1.7

Action                   || total
-------------------------++-------
Melee: Unarmed           ||   139
       Tailslap          ||    18
       Punch             ||     4
 Stab: Sleeping          ||     4
Armor: Skin              ||    30
Dodge: Dodged            ||    79
